BSA
ST CHARLES SHEENS @ NEVADA NOISE
08/20/2030
 
TOP OF THE 1ST
St Charles Sheens batting - Pitching for Nevada Noise : RHP Jesse Little
Pitching: RHP Jesse Little
Batting: RHB Miguel Palácios 0-0: Bunt missed!
0-1: Foul Ball, location: 2F
0-2: Ground out 1-3 (Groundball, P)
Batting: RHB Jesús Hernández 0-0: Called Strike
0-1: Foul Ball, location: 2F
0-2: Fly out, F9 (Flyball, 89D)
Batting: RHB Ramón Molina 0-0: Ball
1-0: Ball
2-0: Ground out U3 (Groundball, 3)
Top of the 1st over - 0 runs, 0 hits, 0 errors, 0 left on base; St Charles 0 - Nevada 0
BOTTOM OF THE 1ST
Nevada Noise batting - Pitching for St Charles Sheens : RHP Jesús Andrade
Pitching: RHP Jesús Andrade
Batting: RHB Fernando Gálvez 0-0: Called Strike
0-1: Ball
1-1: Called Strike
1-2: Foul Ball, location: 2F
1-2: Ground out 6-3 (Groundball, 6M)
Batting: RHB Bill Mark 0-0: Ground out 6-3 (Groundball, 6)
Batting: LHB Greg Nelson 0-0: Ball
1-0: Ground out 5-3 (Groundball, 5)
Bottom of the 1st over - 0 runs, 0 hits, 0 errors, 0 left on base; St Charles 0 - Nevada 0
TOP OF THE 2ND
St Charles Sheens batting - Pitching for Nevada Noise : RHP Jesse Little
Batting: RHB Shawn Gutiérrez 0-0: Ball
1-0: Foul Ball, location: 2F
1-1: Ball
2-1: Ground out 5-3 (Groundball, 56)
Batting: LHB Juan Jose Rojas 0-0: Foul Ball, location: 2F
0-1: Ball
1-1: Foul Ball, location: 2F
1-2: Ball
2-2: Ground out 4-3 (Groundball, 4D)
Batting: RHB Víctor Arredondo 0-0: Ground out 6-3 (Groundball, 6)
Top of the 2nd over - 0 runs, 0 hits, 0 errors, 0 left on base; St Charles 0 - Nevada 0
BOTTOM OF THE 2ND
Nevada Noise batting - Pitching for St Charles Sheens : RHP Jesús Andrade
Batting: RHB José Aguilera 0-0: Called Strike
0-1: Swinging Strike
0-2: SINGLE (Groundball, 6MD)
Batting: LHB Dave Reynolds 0-0: Called Strike
0-1: Foul Ball, location: 2F
0-2: Ball
1-2: Ball
2-2: Foul Ball, location: 2F
2-2: Ball
3-2: Foul Ball, location: 2F
3-2: Ground out U3 (Groundball, 3)
José Aguilera to second
Batting: RHB Iván Gonzáles 0-0: Ball
1-0: Foul Ball, location: 2F
1-1: Foul Ball, location: 2F
1-2: Ball
2-2: Ball
3-2: Fly out, F7 (Line Drive, 7D)
Batting: LHB Milton Watson 0-0: Called Strike
0-1: Ball
1-1: Swinging Strike
1-2: DOUBLE (Line Drive, 89M)
José Aguilera scores
Batting: SHB Nate Rhodes 0-0: Foul Ball, location: 2F
0-1: Foul Ball, location: 2F
0-2: Ball
1-2: Ball
2-2: Ground out 3-1 (Groundball, 34)
Bottom of the 2nd over - 1 run, 2 hits, 0 errors, 1 left on base; St Charles 0 - Nevada 1
TOP OF THE 3RD
St Charles Sheens batting - Pitching for Nevada Noise : RHP Jesse Little
Batting: RHB Lorenzo González 0-0: Called Strike
0-1: Ground out 6-3 (Groundball, 6M)
Batting: RHB Clint Younger 0-0: Swinging Strike
0-1: Ball
1-1: SINGLE (Line Drive, 78S)
Batting: RHB Salvador Rodríguez 0-0: Ball
1-0: Ball
2-0: Foul Ball, location: 2F
2-1: Foul Ball, location: 2F
2-2: Ball
3-2: Strikes out swinging
Batting: RHB Miguel Palácios 0-0: Ball
Clint Younger steals 2nd base
1-0: DOUBLE (Line Drive, 89D)
Clint Younger scores
Batting: RHB Jesús Hernández 0-0: Called Strike
0-1: Ball
1-1: Swinging Strike
1-2: Foul Ball, location: 2F
1-2: Ball
2-2: Foul Ball, location: 2F
2-2: Ball
3-2: Ground out 1-3 (Groundball, 15)
Top of the 3rd over - 1 run, 2 hits, 0 errors, 1 left on base; St Charles 1 - Nevada 1
BOTTOM OF THE 3RD
Nevada Noise batting - Pitching for St Charles Sheens : RHP Jesús Andrade
Batting: RHB Doug Brown 0-0: Ball
1-0: Called Strike
1-1: Ball
2-1: Swinging Strike
2-2: Strikes out swinging
Batting: RHB Fernando Gálvez 0-0: Called Strike
0-1: Ball
1-1: Foul Ball, location: 2F
1-2: Strikes out swinging
Batting: RHB Bill Mark 0-0: Called Strike
0-1: Ball
1-1: Swinging Strike
1-2: Ball
2-2: Fly out, F7 (Flyball, 7LS)
Bottom of the 3rd over - 0 runs, 0 hits, 0 errors, 0 left on base; St Charles 1 - Nevada 1
TOP OF THE 4TH
St Charles Sheens batting - Pitching for Nevada Noise : RHP Jesse Little
Batting: RHB Ramón Molina 0-0: Called Strike
0-1: Reached on error, E5 (Groundball, 56)
Batting: RHB Shawn Gutiérrez 0-0: Ball
1-0: Called Strike
1-1: Ball
2-1: Called Strike
2-2: Grounds into double play, 6-4-3 (Groundball, 6)
Batting: LHB Juan Jose Rojas 0-0: Ball
1-0: Foul Ball, location: 2F
1-1: Swinging Strike
1-2: Foul Ball, location: 2F
1-2: Strikes out looking
Top of the 4th over - 0 runs, 0 hits, 1 error, 0 left on base; St Charles 1 - Nevada 1
BOTTOM OF THE 4TH
Nevada Noise batting - Pitching for St Charles Sheens : RHP Jesús Andrade
Batting: LHB Greg Nelson 0-0: Ball
1-0: Called Strike
1-1: SINGLE (Groundball, 34D)
Batting: RHB José Aguilera 0-0: Foul Ball, location: 2F
0-1: Ball
1-1: Ball
2-1: Swinging Strike
2-2: Foul Ball, location: 2F
2-2: SINGLE (Line Drive, 34D)
Greg Nelson to second
Runner from 2nd tries for 3rd, SAFE, no throw
Batting: LHB Dave Reynolds 0-0: Ball
1-0: Grounds into double play, 6-4-3 (Groundball, 6)
Greg Nelson scores
Batting: RHB Iván Gonzáles 0-0: Called Strike
0-1: Ball
1-1: SINGLE (Groundball, 6D)
Batting: LHB Milton Watson 0-0: Called Strike
0-1: Fly out, F3 (Popup, 3SF)
Bottom of the 4th over - 1 run, 3 hits, 0 errors, 1 left on base; St Charles 1 - Nevada 2
TOP OF THE 5TH
St Charles Sheens batting - Pitching for Nevada Noise : RHP Jesse Little
Batting: RHB Víctor Arredondo 0-0: Ball
1-0: Swinging Strike
1-1: Ground out 6-3 (Groundball, 6)
Batting: RHB Lorenzo González 0-0: Ball
1-0: Ball
2-0: Ball
3-0: Called Strike
3-1: Called Strike
3-2: SINGLE (Groundball, 6MD)
Batting: RHB Clint Younger 0-0: Called Strike
0-1: Fly out, F9 (Flyball, 9D)
Batting: RHB Salvador Rodríguez 0-0: Swinging Strike
0-1: Swinging Strike
0-2: Foul Ball, location: 2F
0-2: Ball
1-2: Ball
2-2: Ball
3-2: Strikes out swinging
Top of the 5th over - 0 runs, 1 hit, 0 errors, 1 left on base; St Charles 1 - Nevada 2
BOTTOM OF THE 5TH
Nevada Noise batting - Pitching for St Charles Sheens : RHP Jesús Andrade
Batting: SHB Nate Rhodes 0-0: SINGLE (Groundball, 34D)
Batting: RHB Doug Brown 0-0: Called Strike
0-1: Ball
1-1: Ball
2-1: SINGLE (Groundball, 6MD)
Nate Rhodes to second
Batting: RHB Fernando Gálvez 0-0: Foul Ball, location: 2F
0-1: Foul Ball, location: 2F
0-2: Ball
1-2: Foul Ball, location: 2F
1-2: Ball
2-2: Ball
3-2: Foul Ball, location: 2F
3-2: Base on Balls
Nate Rhodes to third
Doug Brown to second
Batting: RHB Bill Mark 0-0: Called Strike
0-1: Foul Ball, location: 2F
0-2: Ball
1-2: Ball
2-2: SINGLE (Groundball, 4D)
Nate Rhodes scores
Doug Brown to third
Fernando Gálvez to second
Batting: LHB Greg Nelson 0-0: Called Strike
0-1: Fly out, F7 (Flyball, 7D)
Runner from 3rd tags up, SCORES, throw made
Batting: RHB José Aguilera 0-0: Ball
1-0: Foul Ball, location: 2F
1-1: Ball
2-1: Foul Ball, location: 2F
2-2: Ball
3-2: Grounds into double play, 5-4-3 (Groundball, 5)
Bottom of the 5th over - 2 runs, 3 hits, 0 errors, 1 left on base; St Charles 1 - Nevada 4
TOP OF THE 6TH
St Charles Sheens batting - Pitching for Nevada Noise : RHP Jesse Little
Batting: RHB Miguel Palácios 0-0: Called Strike
0-1: Ball
1-1: Ground out U3 (Groundball, 34)
Batting: RHB Jesús Hernández 0-0: Called Strike
0-1: Ball
1-1: Foul Ball, location: 2F
1-2: SOLO HOME RUN (Line Drive, 78XD), Distance : 425 ft
Batting: RHB Ramón Molina 0-0: Foul Ball, location: 2F
0-1: Ball
1-1: Fly out, F7 (Flyball, 7LMF)
Batting: RHB Shawn Gutiérrez 0-0: Swinging Strike
0-1: Fly out, F7 (Line Drive, 7LD)
Top of the 6th over - 1 run, 1 hit, 0 errors, 0 left on base; St Charles 2 - Nevada 4
BOTTOM OF THE 6TH
Nevada Noise batting - Pitching for St Charles Sheens : RHP Jesús Andrade
Batting: LHB Dave Reynolds 0-0: Ball
1-0: Called Strike
1-1: Called Strike
1-2: Strikes out swinging
Batting: RHB Iván Gonzáles 0-0: Ball
1-0: Swinging Strike
1-1: Ground out 3-1 (Groundball, 34)
Batting: LHB Milton Watson 0-0: Called Strike
0-1: Ball
1-1: SINGLE (Groundball, 6D)
Pitching: RHP Ricardo Montero
Batting: SHB Nate Rhodes 0-0: Ball
1-0: Ball
2-0: SINGLE (Groundball, 6M) (infield hit)
Milton Watson to second
Batting: RHB Doug Brown 0-0: Foul Ball, location: 2F
0-1: Foul Ball, location: 2F
0-2: Strikes out swinging
Bottom of the 6th over - 0 runs, 2 hits, 0 errors, 2 left on base; St Charles 2 - Nevada 4
TOP OF THE 7TH
St Charles Sheens batting - Pitching for Nevada Noise : RHP Jesse Little
Batting: LHB Juan Jose Rojas 0-0: Swinging Strike
0-1: Ball
1-1: Called Strike
1-2: Strikes out looking
Batting: RHB Víctor Arredondo 0-0: Swinging Strike
0-1: Swinging Strike
0-2: Foul Ball, location: 2F
0-2: Ball
1-2: Ball
2-2: Foul Ball, location: 2F
2-2: SINGLE (Groundball, 56D)
Batting: RHB Lorenzo González 0-0: Ball
1-0: Called Strike
1-1: Ball
2-1: Ball
3-1: Called Strike
3-2: Foul Ball, location: 2F
3-2: Base on Balls
Víctor Arredondo to second
Pitching: RHP Carl Henry
Batting: RHB Clint Younger 0-0: Called Strike
0-1: Called Strike
0-2: Ball
1-2: Ball
2-2: Strikes out swinging
Batting: RHB Salvador Rodríguez 0-0: Ball
1-0: Fly out, F9 (Flyball, 9S)
Top of the 7th over - 0 runs, 1 hit, 0 errors, 2 left on base; St Charles 2 - Nevada 4
BOTTOM OF THE 7TH
Nevada Noise batting - Pitching for St Charles Sheens : RHP Ricardo Montero
Batting: RHB Fernando Gálvez 0-0: Ball
1-0: Called Strike
1-1: Called Strike
1-2: SINGLE (Groundball, 34D)
Batting: RHB Bill Mark 0-0: Called Strike
Fernando Gálvez steals 2nd base
0-1: Foul Ball, location: 2F
0-2: Foul Ball, location: 2F
0-2: Ball
1-2: Ball
2-2: SINGLE (Line Drive, 9LS)
Fernando Gálvez to third
Batting: LHB Greg Nelson 0-0: Called Strike
0-1: SINGLE (Flyball, 89M)
Fernando Gálvez scores
Bill Mark to second
Runner from 2nd tries for 3rd, SAFE, no throw
Batting: RHB José Aguilera 0-0: Ball
1-0: Foul Ball, location: 2F
1-1: Ball
2-1: Ball
3-1: Ground out 6-3 (Groundball, 6)
Greg Nelson to second
Batting: LHB Dave Reynolds 0-0: Intentional Walk
Batting: RHB Iván Gonzáles 0-0: Foul Ball, location: 2F
0-1: Foul Ball, location: 2F
0-2: Ball
1-2: Ball
2-2: Ball
3-2: SINGLE (Flyball, 7LS)
Bill Mark scores
Greg Nelson to third
Dave Reynolds to second
Batting: LHB Milton Watson 0-0: Ball
1-0: Grounds into double play, 6-2-3 (Groundball, 6)
Bottom of the 7th over - 2 runs, 4 hits, 0 errors, 2 left on base; St Charles 2 - Nevada 6
TOP OF THE 8TH
St Charles Sheens batting - Pitching for Nevada Noise : RHP Carl Henry
Batting: RHB Miguel Palácios 0-0: Ball
1-0: Ball
2-0: Fly out, F3 (Line Drive, 3)
Batting: RHB Jesús Hernández 0-0: Called Strike
0-1: Ball
1-1: Ball
2-1: Fly out, F8 (Flyball, 8RM)
Batting: RHB Ramón Molina 0-0: Foul Ball, location: 2F
0-1: Swinging Strike
0-2: Ball
1-2: Ball
2-2: Ball
3-2: Reached on error, E4 (Groundball, 4)
Batting: RHB Shawn Gutiérrez 0-0: 2-RUN HOME RUN (Flyball, 7D), Distance : 411 ft
Batting: LHB Juan Jose Rojas 0-0: Called Strike
0-1: Foul Ball, location: 2F
0-2: SINGLE (Groundball, 34D)
Pitching: RHP Daniel Grant
Batting: RHB Víctor Arredondo 0-0: Called Strike
0-1: Called Strike
0-2: Ball
1-2: Ball
2-2: Ball
3-2: Fly out, F7 (Flyball, 78S)
Top of the 8th over - 2 runs, 2 hits, 1 error, 1 left on base; St Charles 4 - Nevada 6
BOTTOM OF THE 8TH
Nevada Noise batting - Pitching for St Charles Sheens : RHP Ricardo Montero
Pitching: RHP Jesse Jones
Batting: SHB Nate Rhodes 0-0: Foul Ball, location: 2F
0-1: TRIPLE (Line Drive, 9LD)
Batting: RHB Doug Brown 0-0: Called Strike
0-1: Called Strike
0-2: Ball
1-2: Hit by Pitch
Batting: RHB Fernando Gálvez 0-0: Called Strike
0-1: Ball
1-1: Ball
2-1: Foul Ball, location: 2F
2-2: Fly out, F7 (Line Drive, 78M)
Runner from 3rd tags up, SCORES, no throw
Batting: RHB Bill Mark 0-0: Called Strike
0-1: Ball
1-1: Ball
2-1: Called Strike
2-2: Foul Ball, location: 2F
2-2: Fly out, F9 (Flyball, 9)
Batting: LHB Greg Nelson 0-0: Called Strike
0-1: Fielders Choice at 2nd, 5-4 (Groundball, 5L)
Bottom of the 8th over - 1 run, 1 hit, 0 errors, 1 left on base; St Charles 4 - Nevada 7
TOP OF THE 9TH
St Charles Sheens batting - Pitching for Nevada Noise : RHP Daniel Grant
Pitching: RHP Dan Wilson
Batting: RHB Lorenzo González 0-0: Called Strike
0-1: Foul Ball, location: 2F
0-2: Ball
1-2: DOUBLE (Line Drive, 9D)
Batting: RHB Clint Younger 0-0: Ground out 6-3 (Groundball, 6S)
Lorenzo González to third
Batting: RHB Salvador Rodríguez 0-0: Ball
1-0: Fly out, F8 (Flyball, 8LS)
Runner from 3rd tags up, SCORES, no throw
Batting: RHB Miguel Palácios 0-0: Ground out 6-3 (Groundball, 6)
Top of the 9th over - 1 run, 1 hit, 0 errors, 0 left on base; St Charles 5 - Nevada 7
Saturday, April 7th, 2018 - OOTP Baseball 18.8 Build 76